 Dungeon Crawl Stone Soup version 0.32-a0-433-g08bcfe7efd (webtiles) character file.

Game seed: 4605757346818601378

215 ragingrage the Vexing (level 5, -6/24 HPs)
             Began as a Felid Enchanter on Feb 23, 2024.
             Mangled by an orc
             ... wielding a +0 heavy morningstar
              (21 damage)
             ... on level 6 of the Dungeon.
             The game lasted 00:05:10 (3546 turns).

ragingrage the Vexing (Felid Enchanter)             Turns: 3546, Time: 00:05:11

Health: -6/24      AC:  1    Str:  4    XL:     5   Next: 60%
Magic:  6/9        EV: 24    Int: 19    God:
Gold:   210        SH:  0    Dex: 18    Spells: 0/8 levels left
                                        Lives:  0   Deaths: 2

rFire   + .          .
                       - Unarmed
rCold   . . .        (shield unavailable)
rNeg    . . .        (body armour unavailable)
rPois   .            (helmet unavailable)
rElec   .            (cloak unavailable)
rCorr   .            (gloves unavailable)
SInv    +            (boots unavailable)
Will    .....        (no amulet)
Stlth   +++          g - +5 ring of evasion
HPRegen 0.24/turn    l - ring of protection from fire
MPRegen 0.11/turn

%: no passive effects
@: no status effects
A: very small, claws 1, fangs 3, see invisible, shaggy fur 1, stealthy paws, no
weapons or thrown items, no armour, multi-lived
a: no special abilities


You were on level 6 of the Dungeon.
You visited 1 branch of the dungeon, and saw 6 of its levels.

You collected 210 gold pieces.

Inventory:

Jewellery
 g - a +5 ring of evasion (left paw)
 l - a ring of protection from fire (right paw)
Scrolls
 b - 6 scrolls of identify {unknown}
 f - a scroll of amnesia {unknown}
 h - a scroll of poison
 j - a scroll of vulnerability {unknown}
 m - a scroll of enchant weapon {unknown}
Potions
 a - a potion of invisibility
 c - 3 potions of lignification {unknown}
 d - a potion of ambrosia {unknown}
 e - a potion of curing {unknown}
 i - a potion of enlightenment {unknown}
 k - a potion of attraction {unknown}


   Skills:
 + Level 4.2 Dodging
 + Level 4.5 Stealth
 + Level 3.7 Unarmed Combat
 - Level 2.0 Spellcasting
 + Level 5.7 Hexes
 - Level 1.0 Ice Magic


You couldn't memorise any spells.
You knew the following spells:

 Your Spells              Type           Power      Damage    Failure   Level
a - Ensorcelled Hibernat  Hex/Ice        28%        N/A       6%          2
b - Confusing Touch       Hex            23%        N/A       4%          3
c - Tukima's Dance        Hex            23%        N/A       4%          3

Your spell library contained the following spells:

 Spells                   Type           Power      Damage    Failure   Level
 Dazzling Flash           Conj/Hex       24%        N/A       16%         3
 Lesser Beckoning         Tloc           2%         N/A       26%         2
 Gell's Gravitas          Tloc           1%         N/A       45%         3
 Teleport Other           Tloc           1%         N/A       45%         3
 Iskenderun's Mystic Bla  Conj/Tloc      1%         2d3       86%         4
 Dimensional Bullseye     Hex/Tloc       Unusable   N/A       N/A         4

Dungeon Overview and Level Annotations

Branches:
Dungeon (6/15)
 Temple: D:4-7

Altars:
Ashenzari

Annotations:
D:4 Duvessa, Edmund, Ijyb, Menkaure


Innate Abilities, Weirdness & Mutations

You have sharp claws.
You have razor-sharp teeth.
You have supernaturally acute eyesight. (SInv)
You are covered in fur. (AC +1)
Your paws help you pounce on unaware monsters.
You are incapable of wielding weapons or throwing items.
You cannot wear armour.
You gain extra lives every three experience levels.


Message History

Casting: Ensorcelled Hibernation (safe; 7% risk of failure)
Aiming: Ensorcelled Hibernation (safe; 7% risk of failure)
Press: ? - help, Shift-Dir - straight line, f - iguana
Aim: an iguana (chance to affect: 56%)
The iguana resists with significant effort.
The iguana completely misses you. The iguana closely misses you.
You climb upwards.
There is a stone staircase leading down here.
Casting: Ensorcelled Hibernation (safe; 7% risk of failure)
Aiming: Ensorcelled Hibernation (safe; 7% risk of failure)
Press: ? - help, Shift-Dir - straight line, f - iguana
Aim: an iguana (chance to affect: 56%)
The iguana resists with significant effort.
The iguana closely misses you.
Unknown command.
Casting: Ensorcelled Hibernation (safe; 7% risk of failure)
Aiming: Ensorcelled Hibernation (safe; 7% risk of failure)
Press: ? - help, Shift-Dir - straight line, f/p - iguana
Aim: an iguana (chance to affect: 56%)
The iguana looks drowsy...
The helpless iguana fails to defend itself.
You mangle the iguana!!
You kill the iguana!
You start resting.
Casting: Ensorcelled Hibernation (safe; 6% risk of failure)
Your paws begin to glow red.
Unknown command.
You climb downwards.
The orc misses you.
There is a stone staircase leading up here.
Unknown command.
You scratch the orc but do no damage. You bite the orc.
The orc completely misses you.
You scratch the orc but do no damage.
The orc hits you with a +0 heavy morningstar!
You completely miss the orc. You scratch the orc but do no damage.
The orc appears confused.
The orc hits you with a +0 heavy morningstar!!
Ouch! That really hurt!
You die...

....#.# .
#....###
...##.....#####.#
....>...........o
..............o..
.....###.#......#
#.# #.#####...
#o# . #@# #...#
###.... ###... ..


You could see an orc (confused).

Vanquished Creatures
  A scorpion (D:3)
  A howler monkey (D:4)
  An iguana (D:5)
  An adder (D:2)
  2 dart slugs
  A ribbon worm (D:3)
  10 orcs
  7 ball pythons
  4 endoplasms
  3 giant cockroaches
  5 goblins
  7 hobgoblins
  3 jackals (D:3)
  3 kobolds
  5 bats
  3 frilled lizards
  3 rats
60 creatures vanquished.

Notes
Turn   | Place    | Note
-------+----------+-------------------------------------------
     0 | D:1      | ragingrage the Felid Enchanter began the quest for the Orb.
     0 | D:1      | Reached XP level 1. HP: 9/9 MP: 4/4
   287 | D:1      | Reached XP level 2. HP: 8/13 MP: 6/6
   309 | D:1      | Learned a level 2 spell: Ensorcelled Hibernation
   783 | D:2      | Reached skill level 1 in Ice Magic
   783 | D:2      | Reached XP level 3. HP: 16/16 MP: 4/7
  1189 | D:2      | Learned a level 3 spell: Confusing Touch
  1657 | D:3      | Noticed a scorpion
  1670 | D:3      | Killed a scorpion
  1671 | D:3      | Reached skill level 5 in Hexes
  1671 | D:3      | Reached XP level 4. HP: 16/21 MP: 5/8
  1671 | D:3      | Gained a life (2 lives remaining)
  1868 | D:3      | Found a broken altar of Ashenzari.
  2389 | D:2      | Slain by an orc
  2389 | D:2      | Lost a life (1 life remaining)
  2705 | D:4      | Noticed Duvessa
  2828 | D:4      | Noticed Menkaure
  2864 | D:4      | Reached XP level 5. HP: 24/24 MP: 6/9
  2868 | D:4      | Learned a level 3 spell: Tukima's Dance
  2999 | D:4      | Noticed Ijyb
  3014 | D:4      | Noticed Edmund
  3124 | D:5      | Entered Level 5 of the Dungeon
  3364 | D:5      | Noticed an orc warrior
  3397 | D:5      | Mangled by an orc warrior
  3397 | D:5      | Lost a life (0 lives remaining)
  3546 | D:6      | Mangled by an orc

Illustrated notes

Levels and vault maps discovered:
D:1:      hellmonk_arrival_library, layout_basic, dreamdust_princess_corridor
D:2:      layout_loops_corners
D:3:      layout_rooms, nicolae_overflow_crystal_walls,
          nicolae_concentric_dashed_squares_wild
D:4:      layout_basic, uniq_menkaure, uniq_edmund, uniq_ijyb, uniq_duvessa
D:5:      layout_basic, minmay_temple_entry_large_hall
D:6:      layout_rooms, mainiacjoe_overflow_cross_hatched,
          gammafunk_ghost_nasty_kobolds, uniq_blork_the_orc, uniq_grinder,
          uniq_prince_ribbit1

Skill      XL: |  1  2  3  4 |
---------------+-------------+-----
Unarmed Combat | 2 3 |  3.7
Ice Magic      | 1 |  1.0
Dodging        | 3 4 |  4.2
Hexes          | 5 |  5.7
Stealth        | |  4.5
Spellcasting   | |  2.0

Action                     |  1- 3 |  4- 6 || total
---------------------------+-------+-------++-------
  Melee: Unarmed           |    58 |    84 ||   142
         Bite              |     4 |    13 ||    17
         Punch             |     2 |     1 ||     3
   Cast: Ensorcelled Hiber |     4 |    29 ||    33
         Confusing Touch   |       |     1 ||     1
    Use: Scroll            |       |     1 ||     1
         Potion            |       |     1 ||     1
   Stab: Sleeping          |    11 |    19 ||    30
 Armour: Skin              |    13 |    28 ||    41
  Dodge: Dodged            |    44 |    96 ||   140

Table legend: (Time is in decaauts)
 A = Elapsed time spent in this place.
 B = Non-inter-level travel time spent in this place.
 C = Inter-level travel time spent in this place.
 D = Time resting spent in this place.
 E = Time spent auto-exploring this place.
 F = Levels seen in this place.
 G = Mean time per level.
                   A        B        C        D        E       F      G
               +--------+--------+--------+--------+--------+-----+--------+
         Total |   3540 |   3268 |    272 |    453 |   2196 |   6 |  590.0 |
       Dungeon |   3540 |   3268 |    272 |    453 |   2196 |   6 |  590.0 |
               +--------+--------+--------+--------+--------+-----+--------+

Top non-repeatable levels by time:
     D:2: 993 daAuts
     D:3: 903 daAuts
     D:1: 762 daAuts
     D:4: 461 daAuts
     D:5: 370 daAuts
     D:6: 49 daAuts
